SR
VALLEY VIEW COUGARS @ ORLANDO MAGIC
07/25/2032
 
TOP OF THE 1ST
Valley View Cougars batting - Pitching for Orlando Magic : RHP Alfredo Rodríguez
Pitching: RHP Alfredo Rodríguez
Batting: RHB Román Ramírez 0-0: Ball
1-0: Ball
2-0: Ball
3-0: Base on Balls
Batting: RHB Pedro Ortíz 0-0: Ball
1-0: SINGLE (Groundball, 6) (infield hit)
Román Ramírez to second
Pinch Runner at 1st Pancho González:
Batting: LHB António Casas 0-0: SINGLE (Flyball, 89M)
Román Ramírez to third
Pancho González to second
Batting: RHB Carlos Mendoza 0-0: Fly out, F4 (Popup, 4D)
Batting: LHB Manuel Gonzáles 0-0: Called Strike
0-1: Ball
1-1: Ball
2-1: Fly out, F4 (Popup, 4S)
Batting: RHB Joshua Cadaval 0-0: Called Strike
0-1: Ball
1-1: SINGLE (Line Drive, 7LS)
Román Ramírez scores
Pancho González to third
António Casas to second
Runner from 3rd tries for Home, SAFE, no throw
Batting: LHB Lucas Hancox 0-0: Ball
1-0: SINGLE (Groundball, 34D)
António Casas to third
Joshua Cadaval to second
Runner from 3rd tries for Home, SAFE, no throw
Batting: RHB Salvador Hernández 0-0: Ball
1-0: Called Strike
1-1: Called Strike
1-2: Ball
2-2: Ground out 5-3 (Groundball, 56S)
Top of the 1st over - 3 runs, 4 hits, 0 errors, 2 left on base; Valley View 3 - Orlando 0
BOTTOM OF THE 1ST
Orlando Magic batting - Pitching for Valley View Cougars : LHP Gavin Botterell
Pitching: LHP Gavin Botterell
Now at SS: Pancho González
Batting: SHB Soren Loen 0-0: Ball
1-0: Foul Ball, location: 2F
1-1: Ball
2-1: Fly out, F8 (Flyball, 8LS)
Batting: SHB Max Bortenschlager 0-0: Ground out 1-3 (Groundball, 13)
Batting: SHB Manny López 0-0: Called Strike
0-1: Reached on error, E6 (Line Drive, 56)
Batting: LHB Ewan Manshert 0-0: Ball
1-0: Ball
2-0: Ball
3-0: Called Strike
3-1: Base on Balls
Manny López to second
Batting: RHB Héctor Dávila 0-0: Called Strike
0-1: Fielders Choice at 2nd, 6-4 (Groundball, 56)
Bottom of the 1st over - 0 runs, 0 hits, 1 error, 2 left on base; Valley View 3 - Orlando 0
TOP OF THE 2ND
Valley View Cougars batting - Pitching for Orlando Magic : RHP Alfredo Rodríguez
Batting: RHB Tomislav Djilas 0-0: Ball
1-0: SINGLE (Line Drive, 6MD)
Batting: RHB Román Ramírez 0-0: Ball
1-0: Called Strike
1-1: Called Strike
1-2: SINGLE (Flyball, 89S)
Tomislav Djilas to second
Runner from 2nd tries for 3rd, SAFE, no throw
Batting: LHB Pancho González 0-0: Called Strike
Román Ramírez steals 2nd base
0-1: Swinging Strike
0-2: Ball
1-2: SINGLE (Groundball, 56D)
Tomislav Djilas scores
Román Ramírez to third
Batting: LHB António Casas 0-0: Swinging Strike
0-1: Swinging Strike
0-2: Strikes out swinging
Batting: RHB Carlos Mendoza 0-0: Foul Ball, location: 2F
0-1: Fly out, F8 (Flyball, 8RS)
Runner from 3rd tags up, SCORES, no throw
Batting: LHB Manuel Gonzáles 0-0: Called Strike
0-1: Ground out 4-3 (Groundball, 34)
Top of the 2nd over - 2 runs, 3 hits, 0 errors, 1 left on base; Valley View 5 - Orlando 0
BOTTOM OF THE 2ND
Orlando Magic batting - Pitching for Valley View Cougars : LHP Gavin Botterell
Batting: RHB Adrián Xirau 0-0: Ground out 6-3 (Groundball, 56)
Batting: RHB Jesús Ríos 0-0: Ball
1-0: Foul Ball, location: 2F
1-1: Ball
2-1: Ground out U3 (Groundball, 3)
Batting: LHB Jimmy Wilcox 0-0: Ball
1-0: Ball
2-0: Called Strike
2-1: Foul Ball, location: 2F
2-2: Fly out, F8 (Line Drive, 78D)
Bottom of the 2nd over - 0 runs, 0 hits, 0 errors, 0 left on base; Valley View 5 - Orlando 0
TOP OF THE 3RD
Valley View Cougars batting - Pitching for Orlando Magic : RHP Alfredo Rodríguez
Batting: RHB Joshua Cadaval 0-0: Foul Ball, location: 2F
0-1: Called Strike
0-2: Ball
1-2: Strikes out looking
Batting: LHB Lucas Hancox 0-0: Called Strike
0-1: SINGLE (Line Drive, 4M)
Batting: RHB Salvador Hernández 0-0: Called Strike
0-1: Fly out, F9 (Flyball, 9S)
Batting: RHB Tomislav Djilas 0-0: Ball
1-0: Called Strike
1-1: SINGLE (Groundball, 6D)
Lucas Hancox to second
Batting: RHB Román Ramírez 0-0: SINGLE (Groundball, 6MD)
Lucas Hancox to third
Tomislav Djilas to second
Runner from 3rd tries for Home, SAFE, throw made home
Batting: LHB Pancho González 0-0: Ground out 4-3 (Groundball, 4)
Top of the 3rd over - 1 run, 3 hits, 0 errors, 2 left on base; Valley View 6 - Orlando 0
BOTTOM OF THE 3RD
Orlando Magic batting - Pitching for Valley View Cougars : LHP Gavin Botterell
Batting: RHB Ángel Castro 0-0: Reached on error, E6 (Groundball, 6)
Batting: SHB Soren Loen 0-0: Ball
1-0: Ball
2-0: Ball
3-0: Called Strike
3-1: SINGLE (Line Drive, 78M)
Ángel Castro to second
Batting: SHB Max Bortenschlager 0-0: Grounds into double play, 6-4-3 (Groundball, 6)
Ángel Castro to third
Batting: SHB Manny López 0-0: Called Strike
0-1: Called Strike
0-2: SINGLE (Groundball, 56D)
Ángel Castro scores
Batting: LHB Ewan Manshert 0-0: Ball
1-0: Foul Ball, location: 2F
1-1: Foul Ball, location: 2F
1-2: Foul Ball, location: 2F
1-2: SINGLE (Groundball, 3D)
Manny López to second
Batting: RHB Héctor Dávila 0-0: Ball
1-0: Ball
2-0: Ball
3-0: Base on Balls
Manny López to third
Ewan Manshert to second
Batting: RHB Adrián Xirau 0-0: Called Strike
0-1: Called Strike
0-2: Ball
1-2: Ball
2-2: DOUBLE (Flyball, 78D)
Manny López scores
Ewan Manshert scores
Héctor Dávila to third
Batting: RHB Jesús Ríos 0-0: Ground out 5-3 (Groundball, 56)
Bottom of the 3rd over - 3 runs, 4 hits, 1 error, 2 left on base; Valley View 6 - Orlando 3
TOP OF THE 4TH
Valley View Cougars batting - Pitching for Orlando Magic : RHP Alfredo Rodríguez
Batting: LHB António Casas 0-0: Ball
1-0: Ball
2-0: Ball
3-0: Base on Balls
Batting: RHB Carlos Mendoza 0-0: Swinging Strike
0-1: Ball
1-1: Ball
2-1: Ball
3-1: Base on Balls
António Casas to second
Batting: LHB Manuel Gonzáles 0-0: Fielders Choice at 2nd, 1-4 (Groundball, 15)
António Casas to third
Batting: RHB Joshua Cadaval 0-0: Ball
1-0: Fly out, F8 (Line Drive, 78M)
Runner from 3rd tags up, SCORES, no throw
Batting: LHB Lucas Hancox 0-0: Ball
1-0: Called Strike
1-1: Ball
2-1: Fly out, F8 (Flyball, 8LM)
Top of the 4th over - 1 run, 0 hits, 0 errors, 1 left on base; Valley View 7 - Orlando 3
BOTTOM OF THE 4TH
Orlando Magic batting - Pitching for Valley View Cougars : LHP Gavin Botterell
Batting: LHB Jimmy Wilcox 0-0: Ball
1-0: Called Strike
1-1: Fly out, F7 (Line Drive, 7D)
Batting: RHB Ángel Castro 0-0: Ball
1-0: Called Strike
1-1: Called Strike
1-2: Fly out, F8 (Flyball, 89D)
Batting: SHB Soren Loen 0-0: Called Strike
0-1: Ball
1-1: Ball
2-1: Ball
3-1: SINGLE (Line Drive, 6)
Batting: SHB Max Bortenschlager 0-0: Called Strike
0-1: Hit by Pitch
Soren Loen to second
Batting: SHB Manny López 0-0: Swinging Strike
0-1: Ball
1-1: Fielders Choice at 2nd, 6-4 (Groundball, 56)
Bottom of the 4th over - 0 runs, 1 hit, 0 errors, 2 left on base; Valley View 7 - Orlando 3
TOP OF THE 5TH
Valley View Cougars batting - Pitching for Orlando Magic : RHP Alfredo Rodríguez
Batting: RHB Salvador Hernández 0-0: Fly out, F7 (Flyball, 7S)
Batting: RHB Tomislav Djilas 0-0: Ball
1-0: Ball
2-0: Called Strike
2-1: Ball
3-1: SINGLE (Line Drive, 8LS)
Batting: RHB Román Ramírez 0-0: Called Strike
0-1: Swinging Strike
0-2: Strikes out swinging
Batting: LHB Pancho González 0-0: Ball
1-0: Ground out 3-1 (Groundball, 3)
Top of the 5th over - 0 runs, 1 hit, 0 errors, 1 left on base; Valley View 7 - Orlando 3
BOTTOM OF THE 5TH
Orlando Magic batting - Pitching for Valley View Cougars : LHP Gavin Botterell
Batting: LHB Ewan Manshert 0-0: Called Strike
0-1: Ball
1-1: Ball
2-1: Ball
3-1: Foul Ball, location: 2F
3-2: Ground out 4-3 (Groundball, 4)
Batting: RHB Héctor Dávila 0-0: Ball
1-0: Called Strike
1-1: Ball
2-1: Ball
3-1: Ground out 6-3 (Groundball, 6)
Batting: RHB Adrián Xirau 0-0: Fly out, F8 (Flyball, 8LM)
Bottom of the 5th over - 0 runs, 0 hits, 0 errors, 0 left on base; Valley View 7 - Orlando 3
TOP OF THE 6TH
Valley View Cougars batting - Pitching for Orlando Magic : RHP Alfredo Rodríguez
Pitching: RHP Hsui-chen Man
Batting: LHB António Casas 0-0: Foul Ball, location: 2F
0-1: Foul Ball, location: 2F
0-2: Strikes out looking
Batting: RHB Carlos Mendoza 0-0: Ball
1-0: Ball
2-0: Foul Ball, location: 2F
2-1: SINGLE (Flyball, 9S)
Batting: LHB Manuel Gonzáles 0-0: Foul Ball, location: 2F
0-1: Swinging Strike
0-2: Ball
1-2: Ball
2-2: SINGLE (Line Drive, 34)
Carlos Mendoza to second
Batting: RHB Joshua Cadaval 0-0: Foul Ball, location: 2F
0-1: Swinging Strike
0-2: DOUBLE (Line Drive, 8LD)
Carlos Mendoza scores
Manuel Gonzáles to third
Batting: LHB Lucas Hancox 0-0: Ball
1-0: Fly out, F8 (Flyball, 8LS)
Runner from 3rd tags up, SCORES, throw made
Batting: RHB Salvador Hernández 0-0: Ball
1-0: Ball
2-0: Ball
3-0: Called Strike
3-1: Called Strike
3-2: Foul Ball, location: 2F
3-2: Foul Ball, location: 2F
3-2: Foul Ball, location: 2F
3-2: Fly out, F9 (Line Drive, 9D)
Top of the 6th over - 2 runs, 3 hits, 0 errors, 1 left on base; Valley View 9 - Orlando 3
BOTTOM OF THE 6TH
Orlando Magic batting - Pitching for Valley View Cougars : LHP Gavin Botterell
Batting: RHB Jesús Ríos 0-0: Ball
1-0: Foul Ball, location: 2F
1-1: Called Strike
1-2: Ball
2-2: Strikes out swinging
Batting: LHB Jimmy Wilcox 0-0: Ball
1-0: Ball
2-0: Called Strike
2-1: SINGLE (Groundball, 4M) (infield hit)
Batting: RHB Ángel Castro 0-0: Ball
1-0: DOUBLE (Groundball, 5L)
Jimmy Wilcox to third
Batting: SHB Soren Loen 0-0: SINGLE (Flyball, 78S)
Jimmy Wilcox scores
Ángel Castro to third
Batting: SHB Max Bortenschlager 0-0: Called Strike
0-1: Ball
1-1: Fly out, F7 (Flyball, 78D)
Runner from 3rd tags up, SCORES, throw made
Batting: SHB Manny López 0-0: Called Strike
0-1: Ball
1-1: Foul Ball, location: 2F
1-2: Ball
2-2: SINGLE (Groundball, 6D)
Soren Loen to second
Batting: LHB Ewan Manshert 0-0: Ball
1-0: Foul Ball, location: 2F
1-1: Ball
2-1: Foul Ball, location: 2F
2-2: Foul Ball, location: 2F
2-2: Strikes out swinging
Bottom of the 6th over - 2 runs, 4 hits, 0 errors, 2 left on base; Valley View 9 - Orlando 5
TOP OF THE 7TH
Valley View Cougars batting - Pitching for Orlando Magic : RHP Hsui-chen Man
Batting: RHB Tomislav Djilas 0-0: SINGLE (Line Drive, 4MD)
Batting: RHB Román Ramírez 0-0: Sac Bunt - play at first, batter OUT! 1-3
Tomislav Djilas to second
Batting: LHB Pancho González 0-0: Called Strike
0-1: Called Strike
0-2: Foul Ball, location: 2F
0-2: Strikes out swinging
Batting: LHB António Casas 0-0: Ball
1-0: Foul Ball, location: 2F
1-1: SINGLE (Groundball, 4D)
Tomislav Djilas to third
Runner from 3rd tries for Home, SAFE, no throw
Batting: RHB Carlos Mendoza 0-0: Ball
1-0: Foul Ball, location: 2F
1-1: Foul Ball, location: 2F
Pickoff Throw to First - Error! E1
António Casas to second
1-2: Ball
2-2: Fly out, F9 (Flyball, 9S)
Top of the 7th over - 1 run, 2 hits, 1 error, 1 left on base; Valley View 10 - Orlando 5
BOTTOM OF THE 7TH
Orlando Magic batting - Pitching for Valley View Cougars : LHP Gavin Botterell
Batting: RHB Héctor Dávila 0-0: Ground out 1-3 (Groundball, P)
Batting: RHB Adrián Xirau 0-0: Called Strike
0-1: Hit by Pitch
Batting: RHB Jesús Ríos 0-0: Foul Ball, location: 2F
0-1: Called Strike
0-2: Fielders Choice at 2nd, 1-6 (Groundball, P)
Batting: LHB Jimmy Wilcox 0-0: Foul Ball, location: 2F
0-1: Ball
1-1: Ball
2-1: Fielders Choice at 2nd, 6-4 (Groundball, 6)
Bottom of the 7th over - 0 runs, 0 hits, 0 errors, 1 left on base; Valley View 10 - Orlando 5
TOP OF THE 8TH
Valley View Cougars batting - Pitching for Orlando Magic : RHP Hsui-chen Man
Batting: LHB Manuel Gonzáles 0-0: Called Strike
0-1: Called Strike
0-2: Ball
1-2: Ground out 3-1 (Groundball, 34)
Batting: RHB Joshua Cadaval 0-0: Fly out, F1 (Line Drive, 13)
Batting: LHB Lucas Hancox 0-0: Fly out, F9 (Flyball, 9LMF)
Top of the 8th over - 0 runs, 0 hits, 0 errors, 0 left on base; Valley View 10 - Orlando 5
BOTTOM OF THE 8TH
Orlando Magic batting - Pitching for Valley View Cougars : LHP Gavin Botterell
Batting: RHB Ángel Castro 0-0: Ball
1-0: Foul Ball, location: 2F
1-1: Ball
2-1: SINGLE (Groundball, 34) (infield hit)
Pitching: RHP Stéphane Claude
Batting: SHB Soren Loen 0-0: Called Strike
0-1: Foul Ball, location: 2F
0-2: Ball
1-2: Foul Ball, location: 2F
1-2: Foul Ball, location: 2F
1-2: Ball
Pickoff Throw by Catcher to First - Out!
2-2: Fly out, F4 (Line Drive, 4)
Batting: SHB Max Bortenschlager 0-0: Ball
1-0: DOUBLE (Groundball, 3L)
Batting: SHB Manny López 0-0: Ball
1-0: Foul Ball, location: 2F
1-1: Called Strike
1-2: Ball
2-2: SINGLE (Groundball, 4MD)
Max Bortenschlager to third
Batting: LHB Ewan Manshert 0-0: Foul Ball, location: 2F
0-1: Ball
1-1: Ball
2-1: Foul Ball, location: 2F
2-2: Ball
3-2: Foul Ball, location: 2F
3-2: Foul Ball, location: 2F
3-2: DOUBLE (Line Drive, 78D)
Max Bortenschlager scores
Manny López to third
Manny López scores
Pitching: RHP Ian Dobson
Batting: RHB Héctor Dávila 0-0: Called Strike
0-1: Ball
1-1: Called Strike
1-2: Ball
2-2: Ball
3-2: Fly out, F4 (Popup, 4MD)
Bottom of the 8th over - 2 runs, 4 hits, 0 errors, 1 left on base; Valley View 10 - Orlando 7
TOP OF THE 9TH
Valley View Cougars batting - Pitching for Orlando Magic : RHP Hsui-chen Man
Pitching: LHP Gerald Orlebar
Batting: RHB Salvador Hernández 0-0: Called Strike
0-1: SINGLE (Line Drive, 78S)
Batting: RHB Tomislav Djilas 0-0: Ball
1-0: Sac Bunt - play at first, batter OUT! 3-4
Salvador Hernández to second
Batting: RHB Román Ramírez 0-0: Intentional Walk
Batting: LHB Pancho González 0-0: Called Strike
0-1: Swinging Strike
0-2: Ball
1-2: Foul Ball, location: 2F
1-2: Foul Ball, location: 2F
1-2: Foul Ball, location: 2F
1-2: Foul Ball, location: 2F
1-2: DOUBLE (Line Drive, 78D)
Salvador Hernández scores
Román Ramírez to third
Runner from 3rd tries for Home, SAFE, no throw
Batting: LHB António Casas 0-0: Called Strike
0-1: Ball
1-1: Ball
2-1: Called Strike
2-2: Foul Ball, location: 2F
2-2: Ground out 5-3 (Groundball, 2L)
Pancho González to third
Batting: RHB Carlos Mendoza 0-0: Foul Ball, location: 2F
0-1: 2-RUN HOME RUN (Flyball, 9LD), Distance : 329 ft
Batting: LHB Manuel Gonzáles 0-0: Ball
1-0: Called Strike
1-1: Ball
2-1: Foul Ball, location: 2F
2-2: Ball
3-2: Foul Ball, location: 2F
3-2: Strikes out swinging
Top of the 9th over - 4 runs, 3 hits, 0 errors, 0 left on base; Valley View 14 - Orlando 7
BOTTOM OF THE 9TH
Orlando Magic batting - Pitching for Valley View Cougars : RHP Ian Dobson
Batting: RHB Adrián Xirau 0-0: Ground out 5-3 (Groundball, 5L)
Batting: RHB Jesús Ríos 0-0: Ball
1-0: Called Strike
1-1: Swinging Strike
1-2: Ball
2-2: Foul Ball, location: 2F
2-2: Strikes out looking
Batting: LHB Jimmy Wilcox 0-0: Foul Ball, location: 2F
0-1: Ball
1-1: Ground out 1-3 (Groundball, 13S)
Bottom of the 9th over - 0 runs, 0 hits, 0 errors, 0 left on base; Valley View 14 - Orlando 7
Wednesday, September 19th, 2018 - OOTP Baseball 18.8 Build 76